cohdb
Replays
Latest Replays
All Replays
Popular Replays
Top Player Replays
Match Explorer
How It Works
Community
CoH3 Stats
Reddit
Sign in to upload your games and track your stats! →
Sign in with Steam
Match 43731142
Unlisted
Match 43731142
Overview
Messages
Build Orders
End
Panzerpioneer Squad
Selects Panzerjäger Kommand Battlegroup
Selects Blockade Equipment
Panzerpioneer Squad
Construct Light Support Kompanie
Assault Grenadier Squad
Panzerjäger Squad
2.5-tonne Medical Truck
Panzerpioneer Squad
Selects Tank Busters
Fire Support Elements
Pak 38 Mechanized Group
Flakvierling Half-track
Panzerjäger Squad
Flakvierling Half-track
Selects Crew Shock Tactics
Pak 38 Mechanized Group
Construct Panzerarmee Kommand
Panzerjäger Squad
T^T
ron
都给老子冲
영원한 샛별 ㄴ
MonkeyLetsPlay
Serial Chiller
乌鸦坐飞机
山东大白菜
0
0
Comments
sign in to comment!
No comments posted yet!